 Dungeon Crawl Stone Soup version 0.31.0-11-ge490571c62 (webtiles) character file.

Game seed: 6463733406071715348

67 Zeor the Slasher (level 3, 0/21 HPs)
             Began as a Vampire Gladiator on Jan 30, 2024.
             Killed from afar by a dart slug (4 damage)
             ... with a slug dart
             ... on level 2 of the Dungeon.
             The game lasted 00:03:39 (1153 turns).

Zeor the Slasher (Vampire Gladiator)                Turns: 1153, Time: 00:03:40

Health: 0/21       AC:  0    Str: 11 (13) XL:     3   Next: 98%
Magic:  2/4        EV: 21    Int: 10 (12) God:
Gold:   138        SH:  5    Dex: 18 (20) Spells: 3/3 levels left

rFire   . . .        a - melded +1 long sword
rCold   + + .        (shield currently unavailable)
rNeg    + + +        j - melded +0 leather armour
rPois   ∞            c - melded +0 helmet
rElec   .            (cloak currently unavailable)
rCorr   .            (gloves currently unavailable)
SInv    +            (boots currently unavailable)
Will    .....        f - amulet of reflection
Stlth   ++++         (ring currently unavailable)
HPRegen 0.00/turn    (ring currently unavailable)
MPRegen 0.09/turn

%: reflection
@: bat-form, flying, bloodless, inhibited regen, very quick
A: fast, flying, no casting, tiny, bloodless, fangs 3, see invisible, vampiric 2
a: Revivify, End Transformation


You were on level 2 of the Dungeon.
You were a vampire bat.
You visited 1 branch of the dungeon, and saw 3 of its levels.

You collected 138 gold pieces.

Inventory:

Hand Weapons
 a - a +1 long sword (melded)
Missiles
 d - 3 throwing nets (quivered)
 e - a javelin
Armour
 c - a +0 helmet (melded)
 j - a +0 leather armour (melded)
Magical Staves
 b - a staff of death
Jewellery
 f - an amulet of reflection (around neck)
 n - a ring of willpower
Wands
 q - a wand of flame (19)
Scrolls
 g - a scroll of teleportation
 p - a scroll of enchant armour {unknown}
Potions
 h - a potion of heal wounds
 i - a potion of invisibility {unknown}
 k - a potion of brilliance {unknown}
 l - a potion of curing {unknown}
 m - a potion of enlightenment {unknown}
 o - a potion of cancellation {unknown}


   Skills:
 + Level 2.0 Fighting
 * Level 4.3 Long Blades
 + Level 1.6 Throwing
 + Level 3.5 Dodging
 * Level 0.7 Spellcasting


You had 3 spell levels left.
You didn't know any spells.
Your spell library was empty.

Dungeon Overview and Level Annotations

Branches:
Dungeon (3/15)

Altars:
Vehumet


Innate Abilities, Weirdness & Mutations

You are a vampire bat.
You are tiny and dextrous.
You move quickly.
You are flying.
You are immune to poison.
Your equipment is almost entirely melded.
You are incapable of wielding weapons or throwing items.
You cannot cast spells.
You do not regenerate when monsters are visible.
You are frail without blood (-20% HP).
You can heal yourself when you bite living creatures.
You are immune to poison.
You have razor-sharp teeth.
You have supernaturally acute eyesight. (SInv)
You are afflicted with vampirism and can become a bat while bloodless.


Message History

The dart slug closely misses you. The dart slug launches a dart at you.
You block the slug dart... and reflect it back!
The slug dart hits the dart slug.
The jackal misses you.
The kobold splashes around in the water.
A dart slug comes into view.
The dart slug launches a dart at you. The slug dart hits you.
The dart slug launches a dart at you. The slug dart hits you.
You see here a wand of flame (19).
q - a wand of flame (19)
The kobold completely misses you. You block the jackal's attack.
The jackal closely misses you.
The dart slug attacks as it pursues you!
The dart slug completely misses you. The dart slug launches a dart at you.
The slug dart hits you.
There is a stone staircase leading up, spattered with blood here.
The jackal bites you.
* * * LOW HITPOINT WARNING * * *
You block the kobold's attack. The jackal misses you.
You fly upwards.
There is a stone staircase leading down here.
You hit the dart slug.
The dart slug is lightly wounded.
The dart slug closely misses you. The jackal bites you.
* * * LOW HITPOINT WARNING * * *
The kobold completely misses you.
You hit the dart slug but do no damage.
The dart slug is lightly wounded.
The jackal completely misses you. The dart slug misses you.
The kobold misses you.
You hit the dart slug.
The dart slug is moderately wounded.
The jackal misses you. You block the kobold's attack.
The jackal completely misses you. The dart slug launches a dart at you.
The slug dart hits you.
You die...

▒▒▒▒▒∙∙∙∙∙∙∙∙▒∙▒▒▒∙▒▒▒∙▒
▒▒▒∙∙∙∙∙▒▒▒∙∙∙▒▒ ▒∙▒
▒▒▒▒▒▒▒▒∙∙∙▒▒▒▒▒▒▒▒▒▒▒∙▒
∙∙∙∙∙∙∙∙∙∙∙∙∙▒ ▒∙∙∙▒▒▒▒▒▒▒▒
▒▒▒▒▒▒▒▒∙∙∙▒∙▒ ▒∙▒∙∙∙∙∙∙∙∙▒ ▒
▒▒∙▒▒∙▒▒▒▒▒▒▒∙∙∙∙∙∙∙▒▒∙▒ ▒
▒▒▒▒▒▒▒∙▒▒∙∙∙∙∙∙∙∙∙∙▒▒▒▒∙▒▒∙▒
▒ ▒∙∙∙∙∙∙∙∙∙∙∙∙hK▒▒▒▒▒▒
▒∙▒▒∙▒ ▒▒▒∙▒▒▒▒▒∙▒▒▒▒▒▒b▒
▒∙▒▒∙▒ ∙∙>∙▒ ▒∙▒ ▒w▒ ▒∙▒▒∙▒
▒▒▒▒▒ ▒∙▒ ▒∙▒ ▒∙▒▒∙▒ ▒ ▒∙▒
▒∙▒ ▒∙▒▒∙▒ ▒ ▒∙▒ ▒∙▒ ▒∙▒▒∙▒▒
▒▒ ▒∙▒ ▒▒∙▒ ▒∙▒▒∙∙▒ ∙▒▒ ▒∙▒
▒∙∙▒ ▒∙▒▒▒∙▒ ∙∙▒ ▒▒∙▒ ▒∙▒▒
▒▒▒▒▒▒▒∙▒ ▒∙▒ ∙∙▒ ▒▒∙∙▒ ▒∙▒
▒∙∙∙∙∙∙†▒ ▒∙▒


You could see a dart slug, a jackal and a kobold.

Vanquished Creatures
  3 adders (D:2)
  2 dart slugs (D:2)
  4 ball pythons
  A bat (D:1)
  4 endoplasms
  4 goblins (D:2)
  2 hobgoblins
  5 quokkas
  A frilled lizard (D:1)
  5 kobolds
  2 rats
  A spectral hobgoblin (D:2)
34 creatures vanquished.

Notes
Turn   | Place    | Note
-------+----------+-------------------------------------------
     0 | D:1      | Zeor the Vampire Gladiator began the quest for the Orb.
     0 | D:1      | Reached XP level 1. HP: 16/16 MP: 1/1
    40 | D:1      | Reached XP level 2. HP: 22/22 MP: 2/2
   418 | D:2      | Gained mutation: You are afflicted with vampirism and can
                  | become a bat while bloodless. [Vampire growth]
   418 | D:2      | Reached XP level 3. HP: 15/27 MP: 3/3
   481 | D:2      | Reached skill level 4 in Long Blades
   523 | D:2      | Found a faded altar of an unknown god.
   815 | D:2      | Found a radiant altar of Vehumet.
  1153 | D:2      | Killed from afar by a dart slug

Illustrated notes

Levels and vault maps discovered:
D:1:      minmay_arrival_checkered_box, layout_rooms
D:2:      layout_loops_ring, dreamdust_ecumenical_altar_drowned_temple,
          basic_altar, chequers_serial_rivers_micro_d
D:3:      kennysheep_slugbush, layout_basic, mainiacjoe_overflow_alcove_1,
          general_overflow_altar, grunt_ministairs_8

Skill      XL: |  1  2  3 |
---------------+----------+-----
Long Blades    | 4 |  4.3
Fighting       | 2 |  2.0
Throwing       | |  1.6
Dodging        | |  3.5
Spellcasting   | |  0.7

Action                     || total
---------------------------++-------
  Melee: Long sword        ||    93
         Bite              ||     9
         Unarmed           ||     3
Ability: Bat Form          ||     1
         Exsanguinate      ||     1
    Use: Scroll            ||     5
   Stab: Sleeping          ||     1
 Armour: Leather armour    ||    39
         Skin              ||     6
  Dodge: Dodged            ||    66
  Block: Other             ||    15
         Reflection        ||     1
